 Dungeon Crawl Stone Soup version bcrawl-1.21.3 (webtiles) character file.

Game seed: 12334581170550613896

427 Freyura the Skirmisher (level 6, -3/39 HPs)
             Began as a Gargoyle Fighter on Mar 29, 2020.
             Killed by divine providence
             ... invoked by an orc priest
              (15 damage)
             ... on level 4 of the Dungeon.
             The game lasted 00:05:33 (2611 turns).

Freyura the Skirmisher (Gargoyle Fighter)           Turns: 2611, Time: 00:05:33

Health: -3/39      AC: 16    Str: 20    XL:     6   Next: 97%
Magic:  6/6        EV:  8    Int:  8    God:
Gold:   151        SH:  9    Dex: 11    Spells: 5/5 levels left

rFire    . . .     SeeInvis .   q - +0 mace (crush)
rCold    . . .     Gourm    .   c - +0 medium shield
rNeg     + . .     Faith    .   b - +0 scale mail
rPois    ∞         Spirit   .   l - +0 helmet (curse)
rElec    +         Reflect  .   (no cloak)
rCorr    .         Harm     .   (no gloves)
MR       .....                  r - +2 pair of boots
Stlth    ..........             (no amulet)
HPRegen  0.13/turn              (no ring)
MPRegen  0.10/turn              (no ring)

@: no status effects
A: negative energy resistance 1, electricity resistance, unbreathing,
petrification resistance, rot immunity, AC +4
a: no special abilities


You were on level 4 of the Dungeon.
You were not hungry.

You visited 1 branch of the dungeon, and saw 4 of its levels.

You collected 151 gold pieces.

Inventory:

Hand Weapons
 a - a +0 flail
 q - a +0 mace of crushing (weapon)
Armour
 b - a +0 scale mail (worn)
 c - a +0 medium shield (worn)
 l - a cursed +0 helmet (worn)
 r - a +2 pair of boots (worn)
Scrolls
 i - 3 scrolls of identify {unknown}
 k - a scroll of noise {unknown}
 m - a scroll of enchant armour {unknown}
 o - a scroll of enchant weapon {unknown}
 t - 2 scrolls of teleportation {unknown}
 u - a scroll of remove curse {unknown}
Potions
 f - a potion of lignification {unknown}
 g - a potion of curing {unknown}
 h - 3 potions of heal wounds {unknown}
 j - a potion of brilliance {unknown}
 n - 2 potions of degeneration {unknown}
 p - a potion of mutation {unknown}
Comestibles
 e - 4 rations {!d}
 s - a chunk of flesh


   Skills:
 + Level 4.5 Fighting
 * Level 4.4 Maces & Flails
 + Level 4.4 Armour
 + Level 2.0 Dodging
 + Level 4.5 Shields


You had 5 spell levels left.
You didn't know any spells.
Your spell library contained the following spells:

 Spells                   Type           Power        Failure   Level  Hunger
 Animate Skeleton         Necr           N/A          99%         1    ##.....
 Pain                     Necr           #.....       99%         1    ##.....
 Regeneration             Chrm/Necr      #.........   100%        3    ####...
 Vampiric Draining        Necr           #.........   100%        3    ####...
 Animate Dead             Necr           N/A          100%        4    #####..
 Bolt of Draining         Conj/Necr      #.........   100%        5    ######.


Dungeon Overview and Level Annotations

Branches:
Dungeon (4/12)
 Temple: D:4-7

Altars:
Vehumet

Shops:
D:4 =


Innate Abilities, Weirdness & Mutations

You are resistant to torment.
Your stone body is resilient. (AC +4)
You are immune to poison.
You resist negative energy. (rN+)
You are resistant to electric shocks. (rElec)
You can survive without breathing.
You are immune to petrification.
You are immune to rotting.


Message History

The jackal bites you but does no damage.
You block the orc priest's attack.
You completely miss the orc priest.
The orc priest is moderately wounded.
The jackal bites you but does no damage.
The orc priest mumbles some strange prayers to Beogh against you.
Beogh smites you! You block the jackal's attack.
You are too injured to fight recklessly!
You are too injured to fight recklessly!
You are too injured to fight recklessly!
You are too injured to fight recklessly!
The jackal bites you but does no damage.
The orc priest hits you but does no damage.
You block the jackal's attack.
You closely miss the orc priest.
The orc priest is moderately wounded.
The jackal closely misses you.
The orc priest mumbles some strange prayers to Beogh against you.
Beogh smites you!
You die...

####### #########
#.....###### .......
#.....#....# ......
#.....#....# # #...#
###.....###'##
#..##.o.###.#####.......
......o@..#.....'.......
.....[h...#.....#.......
#..##.##'##'#####.......
# #+#.................
#.................
#.................
#.................
#.....^...........
#.................


You could see an orc priest, an orc and a jackal.

Vanquished Creatures
  Grinder (D:3)
  An ogre (D:3)
  2 worker ants
  4 gnolls (D:4)
  3 adders (D:3)
  3 dart slugs
  2 leopard geckos
  2 ball pythons (D:1)
  2 bats
  A giant cockroach (D:2)
  5 goblins
  8 hobgoblins
  A jackal (D:4)
  A quokka (D:3)
  A frilled lizard (D:1)
  8 kobolds
  A rat (D:2)
46 creatures vanquished.

Notes
Turn   | Place    | Note
-------+----------+-------------------------------------------
     0 | D:1      | Freyura the Gargoyle Fighter began the quest for the Orb.
     0 | D:1      | Reached XP level 1. HP: 14/14 MP: 1/1
   228 | D:1      | Reached XP level 2. HP: 19/19 MP: 2/2
   645 | D:2      | Reached XP level 3. HP: 22/23 MP: 3/3
  1101 | D:2      | Found a radiant altar of Vehumet.
  1756 | D:3      | Reached XP level 4. HP: 29/29 MP: 4/4
  1790 | D:3      | Reached skill level 1 in Dodging
  1878 | D:3      | Noticed Grinder
  1883 | D:3      | Noticed an ogre
  1885 | D:3      | Paralysed by Grinder for 2 turns
  1887 | D:3      | Killed Grinder
  1887 | D:3      | Reached XP level 5. HP: 26/33 MP: 5/5
  1887 | D:3      | Reached XP level 6. HP: 30/38 MP: 6/6
  2457 | D:4      | Found Naxocle's Jewellery Shoppe.
  2611 | D:4      | Killed from afar by an orc priest

Skill      XL: |  1  2  3  4  5  6 |
---------------+-------------------+-----
Maces & Flails | 3 4 |  4.4
Dodging        | 1 2 |  2.0
Fighting       | 4 |  4.5
Armour         | 4 |  4.4
Shields        | 4 |  4.5

Action                   |  1- 3 |  4- 6 || total
-------------------------+-------+-------++-------
Melee: Flail             |   117 |    39 ||   156
       Mace              |       |    21 ||    21
  Use: Potion            |       |     2 ||     2
  Eat: Chunk             |     1 |     5 ||     6
Armor: Scale mail        |    69 |    38 ||   107
Dodge: Dodged            |    51 |    16 ||    67
Block: Medium shield     |    83 |    33 ||   116
